 Dungeon Crawl Stone Soup version 0.29.1-4-g47bece8355 (webtiles) character file.

Game seed: 6838257645762046987

658 retardedninja the Chopper (level 7, -1/61 HPs)
             Began as a Hill Orc Fighter on Dec 8, 2022.
             Slain by a bullfrog (5 damage)
             ... in a sewer.
             The game lasted 00:07:46 (5390 turns).

retardedninja the Chopper (Hill Orc Fighter)        Turns: 5390, Time: 00:08:16

Health: -1/61      AC: 10    Str: 21    XL:     7   Next: 55%
Magic:  7/7        EV: 10    Int:  8    God:
Gold:   195        SH:  4    Dex: 10    Spells: 6/6 levels left

rFire   + . .      SeeInvis .   a - +0 war axe
rCold   + . .      Faith    .   c - +0 buckler
rNeg    . . .      Spirit   .   j - +3 ring mail
rPois   +          Reflect  .   (no helmet)
rElec   +          Harm     .   i - +0 cloak
rCorr   +          Rampage  .   (no gloves)
Will    .....                   (no boots)
Stlth   +.........              (no amulet)
HPRegen 0.20/turn               (no ring)
MPRegen 0.10/turn               (no ring)

@: brilliant, resistant, very slow
A: no striking features
a: no special abilities


You were in a sewer.
You visited 2 branches of the dungeon, and saw 6 of its levels.
You also visited: Sewer.

You collected 195 gold pieces.

Inventory:

Hand Weapons
 a - a +0 war axe (weapon)
Armour
 c - a +0 buckler (worn)
 i - a +0 cloak (worn)
 j - a +3 ring mail (worn)
Jewellery
 f - a ring of resist corrosion
 g - a ring of flight
 p - a ring of magical power
Wands
 e - a wand of acid (2)
Scrolls
 b - a scroll of amnesia
 d - a scroll of acquirement {unknown}
 h - a scroll of butterflies {unknown}
 l - a scroll of fear {unknown}
 m - a scroll of torment {unknown}
 q - a scroll of enchant armour {unknown}
 r - a scroll of magic mapping
 s - a scroll of blinking {unknown}
Potions
 k - 3 potions of mutation


   Skills:
 + Level 5.4 Fighting
 + Level 7.4 Axes
 + Level 4.7 Armour
 + Level 1.4 Dodging
 + Level 1.2 Stealth
 + Level 4.2 Shields


You had 6 spell levels left.
You didn't know any spells.
Your spell library contained the following spells:

 Spells                   Type           Power      Damage    Failure   Level
 Gell's Gravitas          Tloc           0%         N/A       95%         3
 Lesser Beckoning         Tloc           0%         N/A       95%         3
 Teleport Other           Tloc           0%         N/A       95%         3


Dungeon Overview and Level Annotations

Branches:
Dungeon (5/15)             Temple (1/1) D:4           Sewer (1/1)

Altars:
Cheibriados
Dithmenos
Elyvilon
Hepliaklqana
Makhleb
Nemelex Xobeh
Okawaru
Ru
Trog
Vehumet
Wu Jian
Xom
Yredelemnul

Shops:
D:3 (

Annotations:
D:4 3 runed translucent doors, silentkaos13's ghost, novice KoCj


Message History

* * * LOW HITPOINT WARNING * * *
The bullfrog attacks as you move away!
The bullfrog hits you but does no damage.
The bullfrog barely misses you.
The bullfrog hits you but does no damage.
The frilled lizard closely misses you.
The bullfrog hits you but does no damage. x2
The frilled lizard closely misses you.
You feel protected.
The bullfrog hits you but does no damage.
You block the bullfrog's attack. The frilled lizard bites you.
* * * LOW HITPOINT WARNING * * *
The bullfrog hits you.
* * * LOW HITPOINT WARNING * * *
You block the endoplasm's attack.
You hit the bullfrog.
The bullfrog is heavily wounded.
You hit the bullfrog. You miss the frilled lizard. You hit the endoplasm.
The bullfrog closely misses you. The bullfrog misses you.
The bullfrog hits you.
* * * LOW HITPOINT WARNING * * *
The frilled lizard barely misses you. The endoplasm hits you.
* * * LOW HITPOINT WARNING * * *
The bullfrog barely misses you.
Okay, then.
Okay, then.
Your unstable footing causes you to fumble your attack.
The bullfrog hits you but does no damage.
You block the bullfrog's attack.
The frilled lizard bites you but does no damage.
You block the bullfrog's attack.
The endoplasm hits you but does no damage.
You completely miss the bullfrog.
The bullfrog is moderately wounded.
You barely miss the bullfrog. You hit the frilled lizard.
You kill the frilled lizard!
You slash the endoplasm!
You kill the endoplasm!
The bullfrog hits you.
You die...

....##
#.....
.....#
#......
...~##
#.~~~~##
~~~~~#
#~~#~~~#
≈≈~~~#
#~~~~≈~#
≈~~~~#
#≈~~~~≈#
~~~~~#
#≈~~~†≈#
~~~~≈#
#≈~~~FF#
~~~≈≈#
#≈≈~#@†#
~~~≈≈#
#≈≈≈~.~#
~~~~##
#≈≈≈~.~#
....≈#
#≈≈~≈~~#
~~~~##
#≈≈~~≈~#
≈~~~~#
#≈~~~~≈#
≈≈~~~#
#≈~~~~≈#
~~~†~#
#≈~~~~≈#
~††~≈#
#≈~~~≈~#


You could see 2 bullfrogs.

Vanquished Creatures
  2 ogres (D:4)
  A phantom (D:4)
  A jelly (D:4)
  An orc priest (D:4)
  Ijyb (D:4)
  An iguana (D:4)
  An orc wizard (D:5)
  3 gnolls (D:3)
  7 river rats (Sewer)
  5 adders
  An ufetubus (D:4)
  3 worms
  A dart slug (D:3)
  3 orcs (D:4)
  11 bats
  8 endoplasms
  11 giant cockroaches
  3 goblins (D:2)
  8 hobgoblins
  2 jackals (D:4)
  7 kobolds
  7 quokkas
  17 ball pythons
  6 frilled lizards
  30 rats
141 creatures vanquished.

Notes
Turn   | Place    | Note
-------+----------+-------------------------------------------
     0 | D:1      | retardedninja the Hill Orc Fighter began the quest for the
                  | Orb.
     0 | D:1      | Reached XP level 1. HP: 19/19 MP: 1/1
   236 | D:1      | Reached XP level 2. HP: 27/27 MP: 2/2
   467 | D:1      | Reached skill level 3 in Axes
   610 | D:1      | Reached XP level 3. HP: 30/33 MP: 3/3
   823 | D:2      | Found a burning altar of Makhleb.
  1434 | D:2      | Reached XP level 4. HP: 37/37 MP: 4/4
  1700 | D:3      | Found a faded altar of an unknown god.
  1786 | D:3      | Found an iron altar of Okawaru.
  1955 | D:3      | Reached skill level 4 in Axes
  2055 | D:3      | Reached XP level 5. HP: 17/47 MP: 5/5
  2375 | D:3      | Found Icoostir's Weapon Shop.
  2794 | D:4      | Noticed an ogre
  2847 | D:4      | HP: 2/47 [ogre/+0 giant club (12)]
  2851 | D:4      | Killed an ogre
  2852 | D:4      | Reached skill level 5 in Axes
  2852 | D:4      | Reached skill level 1 in Stealth
  3184 | D:4      | Found a runed translucent gate.
  3184 | D:4      | Found a runed translucent gate.
  3184 | D:4      | Found a runed translucent gate.
  3188 | D:4      | Noticed silentkaos13's ghost (novice KoCj)
  3224 | D:4      | Noticed an ogre
  3231 | D:4      | Killed an ogre
  3232 | D:4      | Reached XP level 6. HP: 19/53 MP: 6/6
  3607 | D:4      | Noticed Ijyb
  3631 | D:4      | Killed Ijyb
  3632 | D:4      | Reached skill level 6 in Axes
  4150 | D:4      | Found a staircase to the Ecumenical Temple.
  4177 | Temple   | Entered the Ecumenical Temple
  4283 | D:4      | Identified the +7 mace of a bailey {flame, Int+2 Dex+2}
  4313 | D:5      | Entered Level 5 of the Dungeon
  4322 | D:4      | Reached skill level 1 in Dodging
  4410 | D:4      | Reached skill level 5 in Fighting
  4410 | D:4      | Reached XP level 7. HP: 40/61 MP: 7/7
  4658 | D:5      | Reached skill level 7 in Axes
  4714 | D:5      | Found a glowing drain.
  4736 | Sewer    | Entered a sewer
  5388 | Sewer    | HP: 3/61 [endoplasm (3)]
  5390 | Sewer    | Slain by a bullfrog

Illustrated notes

Levels and vault maps discovered:
D:1:      mrwooster_arrival_statue_3, layout_basic, grunt_decor_junction
D:2:      layout_basic, basic_altar
D:3:      layout_loops_ring, mainiacjoe_overflow_paths, serial_shops, shop,
          shapermc_ecumenical_altar_ellora, patterned_corridor
D:4:      layout_rooms, minmay_temple_entry_arrows, ebering_ghost_rock_garden,
          uniq_ijyb
D:5:      layout_cave_pools, nicolae_uskayaw_suspiria, gup_sewer_entry_pipe,
          dilly_guarded_unrand_throatcut
Temple:   nicolae_temple_ecumenical_triangle
Sewer:    sewer_minmay_w

Skill      XL: |  1  2  3  4  5  6  7 |
---------------+----------------------+-----
Fighting       | 4 5 |  5.4
Axes           | 3 4 5 6 7 |  7.4
Armour         | 4 |  4.7
Stealth        | 1 |  1.2
Shields        | 4 |  4.2
Dodging        | 1 |  1.4

Action                   |  1- 3 |  4- 6 |  7- 9 || total
-------------------------+-------+-------+-------++-------
Melee: War axe           |   133 |   160 |   138 ||   431
  Use: Potion            |       |     5 |     2 ||     7
       Scroll            |       |     5 |     1 ||     6
 Stab: Invisible         |       |     1 |       ||     1
Armor: Scale mail        |    90 |    69 |       ||   159
       Ring mail         |       |    26 |    83 ||   109
Dodge: Dodged            |    82 |    94 |    98 ||   274
Block: Buckler           |    39 |    48 |    50 ||   137
